 Dungeon Crawl Stone Soup version 0.19.0-2-gae57169 (webtiles) character file.

7459 Gingerlord the Nimble (level 11, -17/75 HPs)
             Began as a Halfling Berserker on Nov 5, 2016.
             Was a High Priest of Trog.
             Demolished by a red devil
             ... wielding a +0 demon trident of electrocution
             ... summoned by a kobold demonologist
              (19 damage)
             ... on level 10 of the Dungeon.
             The game lasted 00:22:19 (10108 turns).

Gingerlord the Nimble (Halfling Berserker)         Turns: 10108, Time: 00:22:20

Health: -17/75     AC: 18    Str: 22    XL:     11   Next: 37%
Magic:  11/11      EV: 12    Int:  5    God:    Trog [*****.]
Gold:   542        SH: 14    Dex: 18    Spells: 0 memorised, 10 levels left

rFire  + . .     SeeInvis +     q - +0 war axe
rCold  . . .     Gourm    .     G - +0 plate armour
rNeg   . . .     Faith    .     g - +2 shield {rF+}
rPois  .         Spirit   .     e - +2 helmet
rElec  .         Reflect  .     (no cloak)
rCorr  .         Harm     .     t - +0 pair of gloves
MR     .....                    (no boots)
Stlth  ..........               (no amulet)
                                u - +4 ring of strength
                                y - ring of see invisible

@: no status effects
A: mutation resistance 1
a: Berserk, Trog's Hand, Brothers in Arms, Burn Spellbooks, Renounce Religion


You were on level 10 of the Dungeon.
You worshipped Trog.
Trog was extremely pleased with you.
You were hungry.

You visited 2 branches of the dungeon, and saw 11 of its levels.

You collected 642 gold pieces.
You spent 100 gold pieces at shops.

Inventory:

Hand Weapons
 q - a +0 war axe (weapon)
Armour
 e - a +2 helmet (worn)
 g - a +2 shield of fire resistance (worn)
 n - a +0 chain mail
 t - a +0 pair of gloves (worn)
 G - a +0 plate armour (worn)
Jewellery
 u - a +4 ring of strength (right hand)
 y - a ring of see invisible (left hand)
 D - an uncursed ring of positive energy
Wands
 i - a wand of teleportation (0/9)
 v - a wand of lightning (5/15)
Scrolls
 b - a scroll of blinking {unknown}
 d - 2 scrolls of enchant weapon
 j - 2 scrolls of identify
 k - a scroll of noise {unknown}
 r - 6 scrolls of remove curse
 w - a scroll of enchant armour
 x - 4 scrolls of teleportation
 F - a scroll of acquirement {unknown}
Potions
 a - a potion of resistance
 h - 4 potions of curing
 m - a potion of might
 o - a potion of ambrosia
 p - a potion of cancellation
 s - a potion of flight
 z - 2 potions of heal wounds {unknown}
 A - a potion of mutation {unknown}
Books
 C - a book of Changes

   Spells                             Type                      Level
   a - Beastly Appendage              Transmutation                1
   b - Sticks to Snakes               Transmutation                2
   c - Spider Form                    Transmutation/Poison         3
   d - Ice Form                       Ice/Transmutation            4
   e - Blade Hands                    Transmutation                5
   Trog disapproves of the use of such an item.
 E - a book of Callings

   Spells                             Type                      Level
   a - Summon Small Mammal            Summoning                    1
   b - Call Imp                       Summoning                    2
   c - Call Canine Familiar           Summoning                    3
   d - Summon Guardian Golem          Hexes/Summoning              3
   e - Summon Lightning Spire         Summoning/Air                4
   f - Summon Ice Beast               Ice/Summoning                4
   Trog disapproves of the use of such an item.
Comestibles
 c - 8 bread rations
 f - 7 meat rations
 B - 4 slices of pizza


   Skills:
 + Level 7.4 Fighting
 + Level 8.2 Axes
 + Level 8.6 Armour
 + Level 8.7 Dodging
 + Level 8.0 Shields


You had 10 spell levels left.
You didn't know any spells.

Dungeon Overview and Level Annotations

Branches:
Dungeon (10/15)            Temple (1/1) D:6            Lair (0/6) D:9
    Orc (0/2) D:9

Altars:
Ashenzari
Cheibriados
Dithmenos
Fedhas
Gozag
Kikubaaqudgha
Nemelex Xobeh
Qazlal
Ru
Sif Muna
Trog
Uskayaw
Vehumet
Xom
Zin
The Shining One

Shops:
D:7 %   D:9 [

Annotations:
D:3 Natasha
D:5 Jane's ghost, novice HaFi


Innate Abilities, Weirdness & Mutations

You are small and have problems with some larger weapons.
You are somewhat resistant to further mutation.


Message History

The red devil hits you from afar with a demon trident of electrocution!
You are electrocuted!
* * * LOW HITPOINT WARNING * * *
You block the hellwing's attack.
The hellwing hits you but does no damage.
You miss the kobold demonologist.
The kobold demonologist is almost dead.
You hit the hellwing.
You block the kobold demonologist's attack.
You block the red devil's attack. The hellwing hits you.
* * * LOW HITPOINT WARNING * * *
The hellwing closely misses you.
You miss the kobold demonologist.
The kobold demonologist is almost dead.
You slash the hellwing!
The kobold demonologist casts a cantrip, but nothing happens.
The red devil hits you from afar with a demon trident of electrocution!
* * * LOW HITPOINT WARNING * * *
You are electrocuted!
You die...

#......)......#########
#.###.......(.........#
###.###.###.....#######.#
#.......##...(.## ####.####
#.#.#######.(.## #.......#
#.#.#######(.## #.....#.#
#.#.......(55# #.##..#.#
###.##########K# #.##..#>#
#....# ##@## #.#...#.# #.#..#
##4..## #.#)#.#.# #....#
##....4## #.#.#.#.# #....##
##.......## #.......#
##....####....)....###.....####
#.......+.).......'...........
##....####.........####...#####
#†.#.## ##.......## ##.##
#.#### ##<....## #.#


You could see a hellwing, a kobold demonologist, a red devil, a quasit and a
white imp.

Vanquished Creatures
  Pikel (D:9)
  An unseen horror (D:10)
  The ghost of Garfong the Grappler, a novice TrMo of Ru (D:6)
  A hill giant (D:10)
  A gargoyle (D:10)
  Sigmund (D:2)
  2 hungry ghosts (D:9)
  4 hogs (D:7)
  A human (D:7)
  A porcupine (D:9)
  A water moccasin (D:8)
  2 ice beasts
  2 phantoms (D:8)
  2 sky beasts
  An orc warrior (D:9)
  2 ogres
  4 centaurs
  A crocodile (D:10)
  A big kobold (D:9)
  7 bullfrogs
  3 scorpions
  5 killer bees (D:8)
  2 howler monkeys
  5 crimson imps
  A bullfrog zombie (D:7)
  4 hounds
  A centaur skeleton (D:9)
  3 orc priests
  5 orc wizards
  2 bullfrog skeletons
  A gnoll shaman (D:9)
  5 iguanas
  Terence (D:3)
  Natasha (twice) (D:3)
  A hell rat (D:9)
  2 worker ants (D:10)
  A hound zombie (D:9)
  A worker ant zombie (D:7)
  Robin (D:2)
  A howler monkey skeleton (D:6)
  7 gnolls
  6 adders
  3 river rats (D:9)
  4 shadow imps
  An ooze (D:2)
  4 adder skeletons
  4 worms
  4 dart slugs
  4 leopard geckos
  21 orcs
  5 bats
  5 giant cockroaches
  8 goblins
  9 hobgoblins
  5 jackals
  6 kobolds
  7 quokkas
  5 ball pythons
  4 frilled lizards
  11 rats
207 creatures vanquished.

Vanquished Creatures (collateral kills)
  The ghost of Strat the Cleaver, a novice MiGl of Makhleb (D:8)
1 creature vanquished.

Vanquished Creatures (others)
  An adder zombie (D:9)
1 creature vanquished.

Grand Total: 209 creatures vanquished

Notes
Turn   | Place    | Note
-------+----------+-------------------------------------------
     0 | D:1      | Gingerlord the Halfling Berserker began the quest for the Orb.
     0 | D:1      | Reached XP level 1. HP: 15/15 MP: 1/1
   179 | D:1      | Reached XP level 2. HP: 20/20 MP: 2/2
   936 | D:2      | Reached XP level 3. HP: 25/25 MP: 3/3
   952 | D:2      | Reached skill level 1 in Shields
  1104 | D:2      | Reached ** piety under Trog
  1105 | D:2      | Noticed Robin
  1201 | D:2      | Killed Robin
  1201 | D:2      | Reached XP level 4. HP: 15/31 MP: 4/4
  1300 | D:2      | Noticed Sigmund
  1311 | D:2      | Killed Sigmund
  1311 | D:2      | Reached XP level 5. HP: 18/36 MP: 5/5
  1311 | D:2      | Reached XP level 6. HP: 21/42 MP: 6/6
  1347 | D:2      | Found a sacrificial altar of Ru.
  2214 | D:3      | Noticed Terence
  2233 | D:3      | Killed Terence
  2324 | D:3      | Found a glowing silver altar of Zin.
  2353 | D:3      | Reached *** piety under Trog
  2422 | D:3      | Noticed Natasha
  2438 | D:3      | Killed Natasha
  2504 | D:3      | Noticed Natasha
  2527 | D:3      | Killed Natasha
  2527 | D:3      | Reached XP level 7. HP: 23/47 MP: 7/7
  2564 | D:3      | Noticed Natasha
  3068 | D:4      | Found a shadowy altar of Dithmenos.
  3430 | D:4      | Found a hide-covered altar of Uskayaw.
  3757 | D:5      | Entered Level 5 of the Dungeon
  3946 | D:5      | Noticed Jane's ghost (novice HaFi)
  4634 | D:6      | Reached XP level 8. HP: 48/54 MP: 8/8
  4812 | D:6      | Found a staircase to the Ecumenical Temple.
  4821 | Temple   | Entered the Ecumenical Temple
  4943 | D:6      | Noticed Garfong's ghost (novice TrMo)
  4957 | D:6      | Killed Garfong's ghost
  4957 | D:6      | Reached skill level 5 in Axes
  4957 | D:6      | Reached skill level 5 in Armour
  4957 | D:6      | Reached skill level 5 in Dodging
  5412 | D:6      | You fall through a shaft!
  5501 | D:7      | Reached XP level 9. HP: 56/60 MP: 9/9
  5511 | D:7      | Reached skill level 5 in Fighting
  5857 | D:7      | Reached skill level 5 in Shields
  5887 | D:7      | Found Ciwofin's Food Emporium.
  5935 | D:7      | Bought a meat ration for 50 gold pieces
  5935 | D:7      | Bought a meat ration for 50 gold pieces
  6171 | D:7      | Reached **** piety under Trog
  6787 | D:8      | Noticed Strat's ghost (novice MiGl)
  6798 | D:8      | Reached XP level 10. HP: 41/68 MP: 10/10
  6814 | D:8      | Found a sparkling altar of Nemelex Xobeh.
  7324 | D:8      | Killed Strat's ghost
  7751 | D:8      | Found an ancient bone altar of Kikubaaqudgha.
  7891 | D:8      | Found a shadowy altar of Dithmenos.
  8317 | D:9      | Found a staircase to the Orcish Mines.
  8346 | D:9      | Found a staircase to the Lair.
  8502 | D:9      | Found Ilexesus's Antique Armour Emporium.
  8662 | D:9      | Reached ***** piety under Trog
  8676 | D:9      | Noticed Pikel
  8777 | D:9      | Killed Pikel
  8921 | D:9      | Reached XP level 11. HP: 69/74 MP: 11/11
  9090 | D:10     | Entered Level 10 of the Dungeon
  9103 | D:10     | Noticed a hill giant
  9119 | D:10     | Killed a hill giant
  9624 | D:10     | Noticed an unseen horror
  9648 | D:10     | Killed an unseen horror
  9923 | D:9      | Received a gift from Trog
 10108 | D:10     | HP: 2/75 [red devil/demon trident of electrocution[a kobold demonologist] (9)]
 10108 | D:10     | Demolished by a red devil

Skill      XL: |  1  2  3  4  5  6  7  8  9 10 11 |
---------------+----------------------------------+-----
Shields        | 1 2 3 4 6 7 8 |  8.0
Fighting       | 3 4 5 6 7 |  7.4
Armour         | 3 4 5 6 8 |  8.6
Dodging        | 3 4 5 6 7 8 |  8.7
Axes           | 4 5 6 7 8 |  8.2

Action                   |  1- 3 |  4- 6 |  7- 9 | 10-12 || total
-------------------------+-------+-------+-------+-------++-------
Melee: Hand axe          |    92 |   149 |   126 |       ||   367
       War axe           |       |       |   214 |   430 ||   644
Invok: Berserk           |       |     1 |     2 |     3 ||     6
       Brothers in Arms  |       |       |       |     1 ||     1
  Use: Scroll            |     3 |       |     6 |     8 ||    17
       Potion            |       |       |       |     1 ||     1
 Stab: Invisible         |       |     1 |       |       ||     1
       Paralysed         |       |     1 |       |       ||     1
  Eat: Chunk             |       |     1 |     8 |     9 ||    18
       Meat ration       |       |     1 |       |     1 ||     2
       Pizza             |       |       |     2 |     3 ||     5
       Bread ration      |       |       |     1 |       ||     1
       Beef jerky        |       |       |       |     2 ||     2
Armor: Ring mail         |    31 |     3 |       |       ||    34
       Chain mail        |       |    56 |   145 |   113 ||   314
       Plate armour      |       |       |       |     7 ||     7
Dodge: Dodged            |    50 |    38 |   131 |   159 ||   378
Block: Shield            |    33 |    68 |   233 |   309 ||   643
